Map: Eastwatch LE

Players

fruitcake - Winner!

  • Race: Terran Terran
  • Spawn Location: 1:00

A.I. 1 (Very Hard)

  • Race: Zerg Zerg
  • Spawn Location: 7:00

VOD

Have the link to the VOD?

Description

Time

  • Played on: May 6, 2018, 6:20 a.m.
  • Length: 7:51
Show
View Real Time Build Order
Export as new Build Order

fruitcake Terran - Winner!

Build Orders:  

Get SALT Encoding   

  12  0:01  SCV  
  13  0:14  Supply Depot  
  13  0:18  SCV  
  14  0:25  Refinery  
  14  0:30  SCV  
  15  0:42  SCV  
  16  0:46  Barracks  
  16  0:54  SCV  
  17  1:04  Refinery  
  17  1:07  SCV  
  18  1:18  Barracks  
  18  1:25  SCV  
  18  1:32  Marine  
  20  1:38  SCV  
  21  1:42  Supply Depot  
  21  1:50  Marine  
  21  1:53  SCV  
  23  2:07  Factory  
  23  2:08  Marine  
  24  2:15  Barracks Reactor  
  24  2:20  SCV  
  25  2:28  Supply Depot  
  25  2:30  Engineering Bay  
  25  2:32  SCV  
  26  2:38  Barracks Tech Lab  
  26  2:44  SCV  
  26  2:49  Supply Depot  
  27  2:53  Factory Tech Lab  
  27  2:55  Marine  
  27  2:57  Marine  
  29  3:07  Terran Infantry Weapons Level 1  
  30  3:14  Marauder  
  30  3:15  Marine  
  30  3:17  Marine  
  33  3:28  Siege Tank  
  33  3:33  Stimpack  
  35  3:45  Marine x2  
  35  3:46  Marauder  
  32  4:05  Marine x2  
  32  4:07  Marauder  
  36  4:23  Marine  
  37  4:28  Orbital Command  
  37  4:29  Marauder  
  37  4:31  Marine  
  40  4:40  Marine  
  40  4:41  Starport  
  41  4:52  Marauder  
  43  4:59  Marine  
  43  5:00  Marine  
  45  5:12  Marine  
  46  5:23  Marine  
  47  5:32  Supply Depot  
  47  5:54  Marine x2, Marauder  
  51  5:59  Siege Tank  
  54  6:12  Marine x2  
  54  6:14  Supply Depot  
  54  6:17  Medivac, Marauder  
  52  6:29  Marine  
  52  6:30  Marine  
  54  6:39  Marauder  
  56  6:47  Marine  
  56  6:48  Marine  
  58  7:00  Marauder  
  55  7:05  Marine  
  55  7:06  Marine  
  56  7:17  Medivac  
  56  7:22  Marauder  
  60  7:23  Marine  
  60  7:24  Marine  
Show
View Real Time Build Order
Export as new Build Order

A.I. 1 (Very Hard) Zerg 

Build Orders: Pool First, Zergling Baneling 

Get SALT Encoding   

  12  0:00  Drone  
  13  0:08  Drone  
  14  0:17  Overlord  
  14  0:35  Spawning Pool  
  13  0:36  Drone  
  13  0:41  Extractor  
  13  0:44  Drone  
  13  0:49  Drone  
  15  1:21  Zergling x2, Queen  
  15  1:22  Zergling x4  
  20  1:45  Hatchery  
  19  1:49  Drone  
  20  1:54  Zergling x2  
  21  2:01  Zergling x2  
  22  2:11  Overlord  
  22  2:23  Baneling Nest  
  22  2:26  Drone  
  22  2:31  Zergling x2  
  22  2:36  Zergling x2  
  24  2:41  Zergling x2  
  25  2:46  Zergling x2  
  26  3:07  Baneling  
  26  3:10  Zergling x2  
  27  3:21  Overlord  
  27  3:26  Zergling x2  
  28  3:30  Zergling x2  
  29  3:35  Zergling x2  
  29  3:40  Zergling x2  
  28  3:43  Baneling x2  
  28  3:44  Zergling x2  
  28  3:48  Zergling x2, Baneling x2  
  29  3:52  Zergling x2  
  29  3:53  Baneling x2  
  29  3:56  Zergling x2  
  29  3:57  Baneling  
  29  4:01  Zergling x2  
  29  4:05  Zergling x2  
  29  4:09  Zergling x2  
  31  4:13  Zergling x2  
  32  4:18  Zergling x2  
  32  4:23  Drone  
  34  4:38  Roach Warren  
  33  4:46  Drone  
  33  4:51  Drone  
  35  4:53  Drone  
  36  5:03  Overlord  
  36  5:07  Drone  
  37  5:14  Lair  
  37  5:19  Roach  
  39  5:45  Extractor  
  39  5:46  Drone  
  39  5:47  Extractor  
  39  5:48  Drone  
  38  5:55  Drone, Extractor  
  38  6:01  Drone  
  39  6:05  Drone  
  39  6:07  Drone  
  39  6:09  Drone  
  39  6:11  Drone  
  43  6:15  Hydralisk Den  
  43  6:16  Drone  
  43  6:17  Roach  
  39  6:23  Roach  
  35  6:27  Roach  
  39  6:32  Roach  
  39  6:37  Drone  
  39  6:40  Roach  
  39  6:42  Drone  
  39  6:45  Drone  
  38  6:51  Drone  
  32  6:56  Drone  
  24  7:02  Zergling x2  
  24  7:35  Hatchery  
Tags
 
Add a new tag
Caveats
  • Supply blocks, unpowered buildings, or Contaminate may cause inaccurate times.
  • Supply counts are checked every 10 seconds.